Map: Eternal Empire LE

Players

LiquidMaNa (MaNa) - Winner!

  • Race: Protoss Protoss
  • League: Grandmaster
  • Spawn Location: 1:00

DnS

  • Race: Protoss Protoss
  • Spawn Location: 7:00

Event: DreamHack SC2 Masters 2020 Summer Europe

VOD

Have the link to the VOD?

Description

Time

  • Played on: July 5, 2020, 1:12 p.m.
  • Length: 12:34

All games in this series

Show
View Real Time Build Order
Export as new Build Order

LiquidMaNa Protoss - Winner!

Build Orders:  

Get SALT Encoding   

  12  0:00  Probe  
  13  0:12  Probe  
  14  0:17  Pylon  
  14  0:23  Probe  
  15  0:32  Probe  
  15  0:37  Gateway  
  15  0:40  Probe  
  16  0:46  Assimilator  
  17  0:51  Probe  
  17  0:54  Assimilator  
  18  0:59  Probe  
  19  1:07  Gateway, Probe  
  19  1:17  Probe  
  20  1:24  Cybernetics Core  
  21  1:29  Probe  
  22  1:35  Pylon  
  22  1:41  Probe  
  23  1:51  Warp Gate  
  23  1:54  Probe  
  24  2:00  Stalker  
  24  2:01  Stalker  
  28  2:06  Probe  
  29  2:12  Pylon  
  29  2:32  Stalker x2  
  32  2:52  Nexus  
  32  2:54  Probe  
  33  3:06  Probe  
  34  3:16  Sentry x2  
  34  3:18  Probe, Pylon  
  39  3:34  Probe  
  39  3:37  Twilight Council  
  40  3:42  Probe  
  40  3:46  Shield Battery  
  41  3:50  Stalker x2, Probe  
  46  4:02  Pylon  
  46  4:03  Probe  
  46  4:04  Probe  
  48  4:13  Blink, Probe  
  48  4:14  Probe  
  50  4:21  Probe  
  50  4:22  Probe  
  50  4:29  Probe  
  50  4:30  Probe  
  50  4:31  Stalker  
  56  4:41  Probe  
  56  4:43  Probe  
  56  4:45  Stalker  
  60  4:50  Forge  
  60  4:53  Probe  
  60  4:55  Probe  
  60  4:57  Pylon  
  62  5:04  Protoss Ground Weapons Level 1  
  62  5:05  Probe  
  62  5:06  Stalker  
  66  5:07  Probe  
  66  5:08  Assimilator  
  66  5:12  Assimilator  
  66  5:17  Probe  
  66  5:19  Probe  
  68  5:29  Probe  
  66  5:38  Probe  
  66  5:40  Stalker x2  
  70  5:48  Probe  
  71  5:50  Probe  
  71  5:51  Gateway  
  71  5:54  Gateway  
  72  6:00  Probe  
  73  6:04  Shield Battery  
  73  6:06  Stalker  
  73  6:07  Stalker  
  73  6:08  Probe  
  77  6:17  Probe  
  76  6:20  Probe  
  77  6:28  Robotics Facility  
  77  6:30  Probe  
  77  6:32  Pylon  
  78  6:41  Pylon  
  78  6:43  Nexus  
  78  6:44  Pylon  
  78  6:50  Probe x2  
  78  6:53  Gateway  
  80  6:55  Gateway, Charge  
  80  6:56  Protoss Ground Weapons Level 2  
  80  7:05  Gateway x2  
  80  7:10  Templar Archives  
  80  7:12  Probe  
  81  7:17  Observer  
  81  7:22  Probe  
  83  7:24  Probe  
  83  7:27  Shield Battery  
  84  7:40  Immortal  
  84  7:43  Probe x2  
  90  7:51  High Templar x5  
  100  7:57  Observer  
  100  8:00  Archon  
  100  8:01  Assimilator  
  100  8:04  High Templar  
  100  8:05  Zealot x2  
  106  8:08  Pylon  
  106  8:12  Archon  
  106  8:15  Archon  
  106  8:21  Immortal, Probe  
  106  8:24  Probe x2  
  106  8:25  Photon Cannon  
  106  8:26  Photon Cannon  
  109  8:29  Photon Cannon  
  109  8:32  Zealot x3  
  109  8:34  Probe  
  120  8:36  Probe  
  120  8:37  Probe  
  122  8:45  Pylon  
  122  8:46  Probe  
  123  8:48  Zealot, Pylon  
  123  8:53  Gateway  
  123  8:57  Gateway  
  123  9:00  Warp Prism  
  125  9:03  Protoss Ground Weapons Level 3  
  125  9:04  High Templar  
  125  9:05  High Templar  
  125  9:07  High Templar x2  
  133  9:10  Assimilator  
  133  9:11  Archon x2  
  133  9:26  High Templar x2, Zealot x2  
  133  9:29  Pylon  
  133  9:30  Archon, Pylon  
  141  9:32  Pylon  
  141  9:33  Pylon  
  141  9:43  Photon Cannon  
  141  9:47  Observer, Nexus  
  140  10:07  High Templar x2  
  140  10:08  Zealot x6  
  140  10:09  Zealot  
  140  10:11  Zealot  
  140  10:12  Archon  
  160  10:16  Observer  
  160  10:30  Zealot x4  
  160  10:31  Zealot x2  
  160  10:33  Pylon  
  172  10:35  Pylon  
  172  10:44  Dark Shrine, Pylon  
  172  10:45  Pylon  
  158  11:01  High Templar  
  158  11:02  High Templar x3  
  158  11:03  High Templar x2  
  170  11:04  Zealot x4, Probe x3  
  170  11:05  Probe  
  170  11:08  Archon x3  
  182  11:12  Probe x3  
  183  11:30  Assimilator  
  183  11:39  High Templar x2  
  187  11:40  High Templar x2  
  187  11:41  Zealot  
  187  11:42  Zealot x3  
  187  11:44  Archon  
  187  11:45  Archon  
  199  11:49  Photon Cannon  
  199  12:00  Observer  
  199  12:02  Gateway  
  199  12:04  Gateway  
  199  12:05  Gateway  
  159  12:17  Zealot x3  
  159  12:18  Zealot x7  
Show
View Real Time Build Order
Export as new Build Order

DnS Protoss 

Build Orders: Archon Immortal 

Get SALT Encoding   

  12  0:00  Probe  
  13  0:12  Probe  
  14  0:17  Pylon  
  14  0:23  Probe  
  15  0:31  Probe  
  16  0:36  Gateway  
  16  0:39  Probe  
  16  0:46  Assimilator  
  17  0:51  Probe  
  17  0:54  Assimilator  
  18  0:59  Probe  
  19  1:07  Gateway, Probe  
  19  1:17  Probe  
  20  1:24  Cybernetics Core  
  21  1:29  Probe  
  22  1:34  Pylon  
  22  1:41  Probe  
  23  1:53  Probe  
  24  2:00  Adept  
  24  2:01  Adept, Warp Gate  
  28  2:09  Pylon  
  28  2:12  Probe  
  29  2:18  Shield Battery  
  29  2:35  Stalker x2  
  33  2:44  Robotics Facility, Probe  
  33  2:48  Pylon  
  33  3:06  Sentry x2  
  37  3:17  Nexus  
  37  3:21  Probe  
  37  3:24  Warp Prism  
  38  3:37  Probe  
  41  3:49  Probe  
  41  3:50  Sentry, Pylon  
  41  3:52  Sentry  
  46  4:01  Probe  
  47  4:09  Observer  
  48  4:10  Probe  
  49  4:18  Twilight Council, Probe  
  50  4:24  Shield Battery  
  50  4:25  Probe  
  50  4:28  Probe  
  52  4:34  Probe  
  52  4:35  Blink  
  52  4:36  Adept  
  55  4:44  Probe  
  55  4:45  Probe  
  57  4:56  Probe  
  57  4:57  Probe  
  59  5:03  Adept  
  59  5:06  Pylon  
  61  5:08  Probe  
  61  5:11  Forge, Probe  
  63  5:17  Assimilator  
  63  5:20  Probe  
  64  5:21  Assimilator  
  64  5:25  Observer  
  65  5:39  Protoss Ground Weapons Level 1  
  65  5:41  Stalker x2  
  65  5:42  Probe x2  
  67  5:51  Gateway, Immortal  
  67  5:53  Gateway  
  71  6:06  Probe  
  72  6:17  Stalker x2  
  76  6:21  Gateway  
  76  6:23  Gateway  
  72  6:26  Gateway  
  72  6:28  Gateway  
  72  6:40  Stalker x2  
  72  6:44  Dark Shrine  
  76  6:49  Probe x2  
  76  6:53  Pylon  
  78  7:02  Nexus  
  78  7:05  Pylon  
  78  7:13  Protoss Ground Weapons Level 2  
  78  7:16  Probe x2  
  78  7:18  Charge  
  81  7:22  Observer  
  81  7:23  Observer  
  81  7:28  Probe  
  81  7:29  Templar Archives  
  82  7:32  Pylon  
  82  7:35  Probe  
  83  7:38  Pylon  
  83  7:40  Probe  
  84  7:49  Probe  
  85  7:52  Probe  
  85  7:55  Immortal  
  90  8:01  Probe  
  90  8:04  Probe  
  91  8:12  Dark Templar x2  
  91  8:13  Dark Templar x2, Probe  
  98  8:21  Probe x2  
  98  8:23  Assimilator  
  98  8:24  Assimilator  
  98  8:25  Archon, Probe  
  97  8:27  Stalker  
  97  8:28  Stalker x2  
  97  8:33  Probe x2  
  105  8:37  Probe  
  105  8:38  Immortal  
  110  8:54  Zealot x5  
  110  8:55  Zealot  
  122  8:58  Pylon  
  122  9:02  Pylon  
  122  9:08  Pylon  
  122  9:09  Probe  
  123  9:10  Pylon  
  123  9:18  Photon Cannon  
  123  9:19  High Templar x4  
  123  9:21  Protoss Ground Weapons Level 3  
  123  9:23  Archon x2  
  131  9:33  High Templar x2, Zealot x2  
  131  9:37  Archon  
  139  9:41  Nexus, Pylon  
  139  9:45  Immortal  
  143  10:03  Zealot x5  
  143  10:04  Zealot  
  155  10:20  Zealot  
  155  10:21  Zealot  
  157  10:28  Immortal  
  153  10:34  Nexus  
  157  10:36  Stargate  
  157  10:37  High Templar x2  
  157  10:41  Archon  
  157  10:42  Zealot x2  
  162  10:48  Pylon  
  162  10:49  Pylon  
  162  10:52  Pylon  
  162  10:53  Pylon  
  152  10:57  High Templar x2, Zealot  
  152  10:58  Zealot  
  152  11:00  Warp Prism  
  152  11:01  Archon  
  160  11:05  Photon Cannon  
  160  11:07  Stalker x2  
  166  11:17  High Templar x2  
  169  11:18  Zealot  
  169  11:19  Zealot  
  169  11:21  Archon  
  173  11:32  High Templar x2, Zealot x2  
  177  11:38  Nexus  
  177  11:39  Immortal  
  185  11:40  Archon  
  185  11:47  Photon Cannon  
  185  11:49  Shield Battery  
  185  11:50  High Templar x2  
  185  11:51  Zealot x2  
  193  11:54  Archon  
  193  12:00  Gateway x2  
  193  12:13  Zealot x6  
  129  12:26  Dark Templar x2  
Tags
 
Add a new tag
Caveats
  • Supply blocks, unpowered buildings, or Contaminate may cause inaccurate times.
  • Supply counts are checked every 10 seconds.